Map: Prion Terraces

Players

MorN - Winner!

  • Race: Terran Terran
  • League: Master

Mariuslol

  • Race: Zerg Zerg
  • League: Master

VOD

Have the link to the VOD?

Description

Time

  • Played on: Nov. 22, 2015, 5:26 a.m.
  • Length: 15:46
Show
View Real Time Build Order
Export as new Build Order

MorN Terran - Winner!

Build Orders: Reaper Expand, MMM Bio 

Get SALT Encoding   

  12  0:00  SCV  
  13  0:13  SCV  
  14  0:16  Supply Depot  
  14  0:25  SCV  
  15  0:38  SCV  
  15  0:40  Barracks  
  16  0:45  Refinery  
  16  0:50  SCV  
  17  1:03  SCV  
  18  1:16  SCV  
  19  1:28  Orbital Command  
  19  1:30  Reaper  
  20  1:40  Command Center  
  20  1:55  SCV  
  21  2:07  SCV  
  22  2:11  Command Center  
  22  2:19  SCV  
  22  2:21  Barracks Reactor  
  23  2:25  Supply Depot  
  23  2:38  Factory  
  23  2:47  SCV  
  24  2:52  Orbital Command  
  24  2:59  SCV  
  24  3:01  Marine x2  
  24  3:02  Refinery  
  27  3:11  SCV  
  28  3:19  Marine  
  28  3:20  Marine  
  30  3:30  Factory Tech Lab  
  30  3:32  Starport  
  30  3:33  SCV  
  31  3:34  Orbital Command  
  31  3:35  SCV  
  31  3:37  Marine x2  
  34  3:45  SCV  
  34  3:47  SCV  
  36  3:55  Marine  
  36  4:00  Marine  
  36  4:01  Siege Tank  
  41  4:03  SCV  
  41  4:06  SCV  
  42  4:10  Medivac  
  42  4:13  SCV, Bunker  
  45  4:17  SCV  
  45  4:18  Marine x2  
  45  4:19  Supply Depot  
  45  4:20  SCV  
  49  4:25  SCV  
  49  4:29  SCV  
  51  4:32  SCV  
  52  4:43  SCV  
  52  4:44  Factory Reactor, Starport Reactor  
  53  4:46  Barracks x2  
  53  4:49  Supply Depot  
  53  4:54  SCV, Engineering Bay  
  53  4:55  Engineering Bay  
  53  4:56  Refinery  
  53  4:57  Refinery, Stimpack  
  54  5:00  SCV x2, Supply Depot  
  54  5:06  SCV  
  57  5:11  Barracks  
  57  5:12  SCV, Barracks  
  58  5:16  SCV  
  58  5:19  SCV  
  60  5:22  Terran Infantry Weapons Level 1, Terran Infantry Armor Level 1  
  60  5:25  SCV  
  61  5:28  SCV  
  62  5:37  Factory Reactor  
  60  5:57  Medivac x2, Marine x2  
  59  6:00  Barracks Reactor x2  
  59  6:01  Orbital Command  
  59  6:02  SCV, Supply Depot  
  66  6:04  Supply Depot, Marine  
  66  6:06  Marine x2  
  68  6:26  Marine x2  
  68  6:28  Widow Mine x2, Marine x3  
  68  6:31  Medivac x2  
  68  6:32  SCV  
  76  6:42  Marine x3  
  76  6:43  Marine  
  76  6:46  SCV  
  81  6:47  Armory  
  81  6:50  Supply Depot, Marine  
  81  6:51  Supply Depot x2, Marine x3  
  81  6:53  Marauder  
  87  7:00  Marine x3  
  90  7:03  Marine  
  91  7:08  Marine  
  91  7:09  Marine x3  
  91  7:13  Marine, Medivac x2  
  91  7:14  Widow Mine x2  
  104  7:15  Barracks  
  104  7:17  Barracks  
  104  7:18  Barracks, Marine  
  104  7:21  Marine x3  
  108  7:24  SCV x3  
  108  7:29  Combat Shields  
  111  7:33  Supply Depot  
  111  7:35  Refinery  
  111  7:36  SCV x3  
  114  7:42  Widow Mine  
  114  7:43  Marine x2, Widow Mine  
  118  7:47  Marine x4  
  118  7:48  SCV x3, Marauder  
  123  7:51  Marine x2  
  123  7:57  Terran Infantry Weapons Level 2, Terran Infantry Armor Level 2  
  121  8:00  SCV  
  121  8:01  Marine x2  
  121  8:04  Marine  
  125  8:06  SCV x2  
  125  8:08  Supply Depot  
  125  8:09  Marauder  
  129  8:16  Command Center  
  129  8:19  Marine x2  
  131  8:20  Barracks Tech Lab x2  
  131  8:21  Barracks Tech Lab, Widow Mine  
  131  8:25  Supply Depot  
  133  8:29  Medivac x2, Marine  
  133  8:31  Marauder  
  130  8:50  Marine x2  
  130  8:51  Marauder  
  88  9:11  Marine x2  
  88  9:13  Marine x2  
  90  9:22  Marine x2  
  90  9:23  Orbital Command  
  86  9:36  Marauder, Marine x3  
  86  9:37  Marauder x3  
  97  9:40  SCV x2  
  97  9:43  Planetary Fortress  
  99  9:45  Marine  
  99  9:46  Marine x2  
  99  9:49  Marine x2  
  104  9:53  Marine  
  104  9:56  Marine  
  104  9:57  Marine  
  104  9:58  Marauder x4  
  115  10:03  Marine  
  116  10:12  Marine x4  
  116  10:14  Terran Infantry Weapons Level 3, Terran Infantry Armor Level 3  
  120  10:16  SCV x2  
  120  10:17  SCV  
  120  10:19  Marauder x3  
  120  10:20  Missile Turret  
  129  10:26  Marine  
  129  10:27  Marauder, Marine  
  129  10:28  SCV  
  134  10:31  Command Center, Supply Depot  
  134  10:32  Supply Depot  
  134  10:34  Supply Depot, Terran Vehicle Weapons Level 1  
  134  10:41  Marine x2, Marauder x2  
  134  10:42  Marine x3, Marauder  
  138  10:43  Marine  
  138  10:49  Marauder  
  144  10:57  Marine x2  
  144  11:02  Marauder x2  
  136  11:07  Marauder, Marine x3  
  136  11:09  Medivac x2  
  136  11:10  Marauder  
  139  11:14  Marine  
  139  11:15  Marine  
  139  11:17  Marine x2  
  143  11:19  Marine  
  143  11:23  Marauder, Marine  
  143  11:24  Marine  
  143  11:25  Concussive Shells  
  148  11:29  Marauder  
  148  11:31  Marauder  
  138  11:34  Marine x3  
  138  11:37  Supply Depot  
  138  11:38  Marine  
  138  11:39  Medivac x2  
  146  11:41  Marauder  
  146  11:45  Marauder  
  150  11:50  Marauder  
  150  11:53  Marauder  
  154  11:59  Marine x2  
  156  12:03  Marine x2  
  156  12:04  Marauder, Marine  
  156  12:06  Marauder  
  163  12:13  Marine x2  
  163  12:14  Marauder x2, Marine  
  164  12:20  Marine  
  164  12:21  Marine x3  
  159  12:26  Marauder  
  152  12:30  Marine x2  
  152  12:34  Marine x3  
  152  12:36  Marauder x2  
  157  12:46  Marine x3  
  157  12:47  Marauder  
  157  12:48  Marauder  
  164  12:56  Ghost Academy  
  164  12:57  Marauder x2  
  153  13:01  Starport, Marine x3  
  153  13:02  Starport  
  156  13:05  Liberator  
  156  13:06  Liberator  
  156  13:08  Marauder  
  156  13:10  Marauder  
  156  13:28  Ghost x2  
  156  13:29  Ghost, Marine  
  156  13:30  Ghost  
  165  13:38  Starport  
  165  13:42  Marine x2  
  163  13:51  Liberator  
  163  13:54  Marine  
  163  13:55  Marine x4  
  149  13:56  Ghost  
  149  13:57  Marauder, Marine  
  149  13:58  Marauder  
  149  14:00  Marauder  
  149  14:01  Marine x2  
  146  14:13  Marine x2  
  146  14:15  Marine x3  
  149  14:18  Marauder  
  149  14:20  Marauder  
  153  14:27  Marine x2  
  153  14:28  Marauder x2, Marine  
  153  14:29  Liberator x2  
  160  14:40  Marauder  
  160  14:44  Marine x2  
  160  14:45  Marauder  
  166  14:50  Marauder  
  166  14:52  Marauder, Marine x2  
  178  14:53  Marine x2  
  178  14:59  Marine  
  181  15:02  Marine x2  
  181  15:06  Marauder, Marine x2  
  187  15:09  Marine  
Show
View Real Time Build Order
Export as new Build Order

Mariuslol Zerg 

Build Orders: Hatch First 

Get SALT Encoding   

  12  0:01  Drone  
  13  0:13  Overlord  
  13  0:18  Drone  
  14  0:31  Drone  
  14  0:32  Drone  
  16  0:36  Drone  
  17  0:52  Hatchery  
  17  0:56  Drone  
  17  1:00  Drone, Extractor  
  17  1:14  Spawning Pool  
  16  1:19  Drone  
  16  1:20  Drone  
  18  1:29  Drone  
  19  1:40  Overlord  
  19  2:02  Zergling x4  
  19  2:04  Zergling x2  
  19  2:05  Queen x2  
  26  2:14  Drone  
  26  2:15  Metabolic Boost  
  27  2:25  Drone  
  28  2:34  Drone x3  
  31  2:40  Overlord, Queen  
  33  2:48  Drone x2  
  35  2:57  Drone  
  36  3:04  Drone  
  36  3:12  Drone x2  
  38  3:13  Drone x2  
  38  3:14  Drone x2  
  38  3:15  Drone  
  38  3:16  Drone  
  43  3:25  Drone  
  44  3:30  Extractor  
  44  3:31  Extractor  
  42  3:35  Overlord, Drone  
  42  3:36  Drone  
  44  3:47  Hatchery  
  43  3:49  Overlord  
  43  3:50  Drone  
  43  3:53  Drone x6  
  50  4:03  Drone x2  
  50  4:04  Evolution Chamber x2  
  50  4:06  Roach Warren  
  49  4:13  Drone x2  
  51  4:24  Queen  
  51  4:31  Zerg Missile Weapons Level 1, Zerg Ground Armor Level 1  
  53  4:34  Lair  
  53  4:40  Spore Crawler  
  52  4:48  Spore Crawler  
  52  4:49  Roach x4  
  59  4:56  Overlord  
  59  4:58  Overlord  
  59  4:59  Overlord  
  59  5:11  Drone x4  
  59  5:12  Drone x2  
  65  5:18  Drone  
  65  5:21  Drone x3  
  68  5:27  Hatchery  
  68  5:28  Drone x2  
  70  5:31  Extractor  
  70  5:32  Glial Reconstitution  
  70  5:33  Pneumatized Carapace  
  69  5:37  Drone x5  
  69  5:38  Drone  
  75  5:44  Roach  
  75  5:45  Overlord  
  75  5:46  Roach  
  72  5:52  Drone x3  
  72  5:53  Drone  
  72  5:56  Ravager x2  
  75  5:59  Drone x2  
  75  6:00  Drone  
  75  6:02  Spore Crawler, Extractor  
  75  6:03  Extractor  
  75  6:09  Drone x3  
  75  6:10  Drone x2  
  80  6:24  Roach x3  
  82  6:28  Queen  
  82  6:29  Zerg Ground Armor Level 2, Zerg Missile Weapons Level 2, Queen  
  83  6:34  Drone x2  
  85  6:45  Overlord  
  85  6:46  Overlord, Roach  
  85  6:47  Roach x3  
  91  6:52  Roach x3  
  99  6:56  Overlord x2  
  99  7:05  Roach x5  
  109  7:10  Overlord  
  109  7:11  Roach  
  109  7:14  Overlord x2  
  111  7:18  Spine Crawler, Roach  
  111  7:19  Roach  
  111  7:21  Ravager x4  
  118  7:25  Roach  
  118  7:26  Roach  
  118  7:29  Spine Crawler  
  121  7:33  Roach x3  
  121  7:34  Overseer  
  127  7:43  Roach x3  
  127  7:44  Roach x2  
  139  7:51  Roach x3  
  139  7:52  Roach  
  145  8:04  Infestation Pit  
  145  8:05  Hatchery  
  143  8:08  Ravager  
  143  8:10  Overlord, Roach  
  143  8:11  Roach x2  
  150  8:25  Overlord  
  150  8:31  Spine Crawler x2  
  150  8:33  Spine Crawler, Roach x5  
  159  8:34  Roach  
  149  8:53  Roach x5  
  149  8:54  Roach x2  
  149  8:55  Roach x2  
  160  9:00  Roach x3  
  146  9:06  Roach x3  
  146  9:08  Roach  
  142  9:11  Roach  
  134  9:18  Roach x3  
  134  9:19  Roach  
  134  9:24  Drone x4  
  144  9:39  Hive  
  144  9:42  Spine Crawler, Extractor  
  144  9:43  Drone  
  144  9:44  Drone x7  
  150  9:51  Drone x3  
  153  9:56  Ravager x10  
  153  9:58  Drone  
  164  10:09  Extractor  
  164  10:11  Extractor  
  164  10:12  Spire  
  164  10:13  Spine Crawler  
  160  10:16  Overlord x2  
  160  10:17  Roach x2  
  164  10:25  Roach  
  164  10:26  Roach x4  
  174  10:29  Overseer x2  
  170  10:43  Roach  
  170  10:44  Roach x8  
  188  10:52  Drone x2  
  174  11:07  Drone  
  174  11:08  Drone x9  
  180  11:12  Hatchery  
  176  11:18  Overlord  
  176  11:19  Ultralisk Cavern  
  167  11:41  Adrenal Glands  
  167  12:08  Ultralisk  
  167  12:09  Ultralisk x3  
  167  12:10  Overlord x2  
  167  12:14  Spine Crawler  
  186  12:16  Spine Crawler  
  167  12:25  Ultralisk  
  167  12:29  Ultralisk  
  158  12:36  Hatchery, Ultralisk Cavern  
  150  12:38  Zergling x2  
  150  12:39  Zergling x12  
  150  12:40  Zergling x2  
  158  12:47  Zergling x8  
  158  12:48  Spore Crawler, Zergling x6  
  164  12:56  Zergling x2  
  165  13:03  Zergling x2  
  165  13:04  Zergling x8  
  162  13:13  Hatchery  
  161  13:23  Corruptor x4  
  161  13:26  Greater Spire  
  139  13:51  Ultralisk x2  
  139  13:52  Zergling x2  
  139  13:53  Zergling x2  
  101  14:03  Chitinous Plating  
  85  14:11  Evolution Chamber  
  85  14:12  Evolution Chamber  
  79  14:29  Drone x2  
  79  14:30  Drone  
  82  14:47  Extractor  
  82  14:48  Ultralisk x3, Extractor  
  98  14:58  Brood Lord x3  
Tags
 
Add a new tag
Caveats
  • Supply blocks, unpowered buildings, or Contaminate may cause inaccurate times.
  • Supply counts are checked every 10 seconds.